cohdb
Replays
Latest Replays
All Replays
Popular Replays
Top Player Replays
Match Explorer
How It Works
Community
CoH3 Stats
Reddit
Sign in to upload your games and track your stats! →
Sign in with Steam
Match 43201023
Unlisted
Match 43201023
Overview
Messages
Build Orders
End
Kettenkrad Recon Vehicle
Construct Infanterie Kompanie
MG 42 Machine Gun Team
MG 42 Machine Gun Team
Grenadier Squad
Grenadier Squad
Selects Mechanized Battlegroup
Selects Mobile Repair Stations
Construct Panzergrenadier Kompanie
251 Medium Carrier
251 Medium Carrier
Pak 40 Anti-tank Gun Team
MG 42 Machine Gun Team
Selects Raid Package
Panzergrenadier Squad
Panzergrenadier Squad
Construct Panzer Kompanie
Selects StuG Assault Group
Selects UNKNOWN (2160084)
Panther Heavy Tank
Sturmpanzer IV Brummbär
251 Medium Carrier
Pioneer Squad
Sturmpanzer IV Brummbär
Selects Wespe Self-propelled Artillery
Selects Mechanized Assault
Mechanized Assault
Panther Heavy Tank
Sturmpanzer IV Brummbär
Zerg6412
Semisolid
PKKA
simranjitsingh713
6block
Deamonik
Nemesisno
KazakBoss4
0
0
Comments
sign in to comment!
No comments posted yet!